 Dungeon Crawl Stone Soup version 0.27.0-1-g7a089689b8 (webtiles) character file.

Game seed: 10963674439844190036

21 garrulousMonolith the Slasher (level 2, 0/22 HPs)
             Began as a Demonspawn Gladiator on Aug 13, 2021.
             Slain by a rat (2 damage)
             ... on level 1 of the Dungeon.
             The game lasted 00:00:51 (926 turns).

garrulousMonolith the Slasher (Demonspawn Gladiator) Turns: 926, Time: 00:00:51

Health: 0/22       AC:  4    Str: 14    XL:     2   Next: 65%
Magic:  2/2        EV: 12    Int:  9    God:
Gold:   29         SH:  0    Dex: 14    Spells: 1/1 levels left

rFire    . . .     SeeInvis .   a - +0 long sword
rCold    . . .     Faith    .   (no shield)
rNeg     . . .     Spirit   .   b - +0 leather armour
rPois    .         Reflect  .   c - +0 helmet
rElec    .         Harm     .   (no cloak)
rCorr    .         Rampage  .   (no gloves)
Will     .....                  (no boots)
Stlth    +.........             (no amulet)
HPRegen  0.07/turn              (no ring)
MPRegen  0.08/turn              (no ring)

@: lethally poisoned (0 -> -5), very slightly contaminated, invisible
A: powered by pain 1
a: no special abilities


You were on level 1 of the Dungeon.
You visited 1 branch of the dungeon, and saw 1 of its levels.

You collected 29 gold pieces.

Inventory:

Hand Weapons
 a - a +0 long sword (weapon)
Missiles
 d - 3 throwing nets (quivered)
Armour
 b - a +0 leather armour (worn)
 c - a +0 helmet (worn)
Scrolls
 e - 2 scrolls of identify {unknown}
 g - 2 scrolls of teleportation {unknown}
Potions
 f - a potion of invisibility


   Skills:
 + Level 2.2 Fighting
 * Level 3.0 Long Blades
 - Level 2.0 Throwing
 + Level 0.6 Armour
 + Level 2.9 Dodging


You had one spell level left.
You didn't know any spells.
Your spell library was empty.

Dungeon Overview and Level Annotations

Branches:
Dungeon (1/15)

Altars:


Innate Abilities, Weirdness & Mutations

You sometimes gain a little power by taking damage.


Message History

You are too injured to fight recklessly!
You are too injured to fight recklessly!
You are too injured to fight recklessly!
You are too injured to fight recklessly!
You are too injured to fight recklessly!
You are too injured to fight recklessly!
You are too injured to fight recklessly!
You are too injured to fight recklessly!
You are too injured to fight recklessly!
You are too injured to fight recklessly!
It was a potion of invisibility.
You fade into invisibility!
You feel very sick. The kobold hits you but does no damage.
The kobold throws a stone.
The stone hits the kobold but does no damage.
The rat closely misses you.
You are very lightly contaminated with residual magic.
Okay, then.
Your leather armour prevents you from hitting the kobold.
You feel very sick. The kobold closely misses you. The rat closely misses you.
The kobold throws a stone.
The stone closely misses the kobold.
The stone closely misses you.
You closely miss the kobold.
* * * LOW HITPOINT WARNING * * *
You feel very sick. The kobold barely misses you.
The kobold throws a stone.
The stone hits the kobold.
The rat closely misses you. The kobold closely misses you.
You slash the kobold!
You kill the kobold!
* * * LOW HITPOINT WARNING * * *
You feel sick. The rat misses you.
The kobold throws a stone.
The stone closely misses you.
The rat twitches its whiskers.
The rat barely misses you.
You barely miss the rat.
* * * LOW HITPOINT WARNING * * *
You feel sick. The rat bites you.
You die...

###.###.##.###.### #
...# #.#.....)... #.
###..###...#.##.###
.##..#..........#.# #
##...#...#..........#
#
#..#...#)..#..#.#####
# #...#...#...#..### #
#.r.#...#...#..### #
#@..#...#...#..# #
#.).#...#...#....# #
#.K.#...#...#...#..# #
#...#...#...#...#....#
..#
..#...#...#...#..### #
.#...#...#...#...รท').
#...#...#...#...#..###
[.#...#...#...#....#
..#...#..#


You could see a kobold and a rat.

Vanquished Creatures
  4 endoplasms (D:1)
  A giant cockroach (D:1)
  2 goblins (D:1)
  4 hobgoblins (D:1)
  A quokka (D:1)
  2 ball pythons (D:1)
  2 kobolds (D:1)
  3 rats (D:1)
19 creatures vanquished.

Notes
Turn   | Place    | Note
-------+----------+-------------------------------------------
     0 | D:1      | garrulousMonolith the Demonspawn Gladiator began the quest
                  | for the Orb.
     0 | D:1      | Reached XP level 1. HP: 16/16 MP: 1/1
   407 | D:1      | Gained mutation: You sometimes gain a little power by
                  | taking damage. [demonic ancestry]
   407 | D:1      | Reached XP level 2. HP: 17/22 MP: 2/2
   597 | D:1      | Reached skill level 3 in Long Blades
   926 | D:1      | Slain by a rat

Illustrated notes

Levels and vault maps discovered:
D:1:      amcnicky_arrival_feature_with_door, layout_loops_corners,
          columned_hall_lemuel, hex_large

Skill      XL: |  1  2 |
---------------+-------+-----
Throwing       | 2 |  2.0
Long Blades    | 3 |  3.0
Fighting       | |  2.2
Armour         | |  0.6
Dodging        | |  2.9

Action                   || total
-------------------------++-------
Melee: Long sword        ||    40
  Use: Potion            ||     1
Armor: Leather armour    ||    15
Dodge: Dodged            ||    35
       Rpst.: Long sword ||     8
